 Dungeon Crawl Stone Soup version 0.23-a0-375-g66a18ee (webtiles) character file.

1424 tilp the Spear-Bearer (level 8, -6/64 HPs)
             Began as a Merfolk Ice Elementalist on Oct 26, 2018.
             Was an Initiate of Makhleb.
             Shot with an arrow by a centaur (10 damage)
             ... on level 7 of the Dungeon.
             The game lasted 00:21:29 (8982 turns).

tilp the Spear-Bearer (Merfolk Ice Elementalist)    Turns: 8982, Time: 00:21:30

Health: -6/64      AC:  2    Str:  8      XL:     8   Next: 72%
Magic:  7/11       EV: 12    Int: 17      God:    Makhleb [......]
Gold:   109        SH:  0    Dex:  8 (14) Spells: 5/11 levels left

rFire    . . .     SeeInvis .   o - +0 trident
rCold    . . .     Gourm    .   (no shield)
rNeg     . . .     Faith    .   a - +0 robe
rPois    .         Spirit   .   (no helmet)
rElec    .         Reflect  .   z - scarf {repulsion}
rCorr    .         Harm     .   (no gloves)
MR       .....                  (no boots)
Stlth    ++........             (no amulet)
HPRegen  0.20/turn              (no ring)
MPRegen  0.12/turn              (no ring)

@: very slightly contaminated, repel missiles
A: change form in water, swift swim, stealthy swim
a: Renounce Religion


You were on level 7 of the Dungeon.
You worshipped Makhleb.
Makhleb was noncommittal.
You were very hungry.

You visited 2 branches of the dungeon, and saw 8 of its levels.

You collected 368 gold pieces.
You spent 259 gold pieces at shops.

Inventory:

Hand Weapons
 d - a +0 short sword of venom
 i - a +0 flail of holy wrath
 j - a +0 dagger of venom
 l - a +0 spear
 o - a +0 trident (weapon)
 p - a +0 glaive
Missiles
 f - 2 poisoned tomahawks
 s - 5 javelins (quivered)
Armour
 a - a +0 robe (worn)
 n - a +2 cloak
 z - a scarf of repulsion (worn)
Wands
 q - a wand of polymorph (18)
 y - a wand of digging (33)
Scrolls
 b - 2 scrolls of magic mapping
 e - a scroll of teleportation {unknown}
 g - 5 scrolls of amnesia
 h - 4 scrolls of blinking
 k - 3 scrolls of fog {unknown}
 m - 2 scrolls of remove curse
 v - a scroll of enchant weapon {unknown}
 w - 2 scrolls of identify
Potions
 r - a potion of might
 t - a potion of curing
 x - a potion of haste
Comestibles
 c - 14 rations


   Skills:
 - Level 6.0 Fighting
 + Level 10.5 Polearms
 - Level 2.6 Dodging
 - Level 2.1 Stealth
 - Level 2.0 Spellcasting
 - Level 0.7 Conjurations
 - Level 6.0 Ice Magic


You had 5 spell levels left.
You knew the following spells:

 Your Spells              Type           Power        Failure   Level  Hunger
a - Freeze                Ice            ###.         1%          1    #......
b - Throw Frost           Conj/Ice       ##....       8%          2    ###....
c - Ozocubu's Armour      Chrm/Ice       ##......     17%         3    ###....

Your spell library contained the following spells:

 Spells                   Type           Power        Failure   Level  Hunger
 Beastly Appendage        Tmut           #.....       19%         1    #......
 Sticks to Snakes         Tmut           #.......     28%         2    ###....
 Throw Icicle             Conj/Ice       ##......     43%         4    #####..
 Spider Form              Tmut/Pois      #.........   50%         3    ###....
 Ice Form                 Ice/Tmut       ##......     50%         4    #####..
 Summon Ice Beast         Ice/Summ       ##......     50%         4    #####..
 Blade Hands              Tmut           #.........   99%         5    ######.


Dungeon Overview and Level Annotations

Branches:
Dungeon (7/15)             Temple (1/1) D:6

Altars:
Ashenzari
Dithmenos
Elyvilon
Fedhas
Gozag
Kikubaaqudgha
Makhleb
Nemelex Xobeh
Okawaru
Qazlal
Ru
Sif Muna
Trog
Uskayaw
Vehumet
Wu Jian
Xom
Yredelemnul
Zin

Shops:
D:4 [   D:6 *[(?

Annotations:
D:5 3 runed doors, Garbasso's ghost, novice GnWz


Message History

The centaur hits you but does no damage.
The centaur shoots an arrow.
The arrow hits you! The centaur hits you!
The centaur shoots an arrow.
The arrow hits you!
* * * LOW HITPOINT WARNING * * *
The centaur hits you.
* * * LOW HITPOINT WARNING * * *
You see here 2 arrows.
The centaur barely misses you.
You feel better. The orc barely misses you.
The centaur shoots an arrow.
The arrow barely misses you. The centaur hits you.
* * * LOW HITPOINT WARNING * * *
The centaur shoots an arrow.
The arrow misses you. The centaur hits you!
* * * LOW HITPOINT WARNING * * *
The centaur wields a +0 shortbow of velocity.
The centaur shoots an arrow.
The arrow is repelled.
The centaur shoots an arrow.
The arrow is repelled.
You see here an arrow.
The centaur shoots an arrow.
The arrow is repelled.
The centaur shoots an arrow.
The arrow hits you!
You die...

..........
#.........
#..........
#.......... ##.
#.........##...
#.........#....
##......c......
##(@..........# .
##..(........#
....#..##oc....#
<...........(((##
..####...[....##
##.....###
#.(..## #....##
.......


You could see 2 centaurs and an orc.

Vanquished Creatures
  An ice beast (D:6)
  A sky beast (D:6)
  3 ogres
  An orc warrior (D:6)
  2 bullfrogs
  2 bullfrog zombies
  3 crimson imps
  A quasit (D:6)
  A hound (D:6)
  7 orc wizards
  3 orc priests (D:4)
  2 worker ants (D:4)
  10 adders
  A worm (D:3)
  2 dart slugs
  4 leopard geckos
  24 orcs
  5 giant cockroaches
  9 goblins
  7 hobgoblins
  5 jackals
  3 quokkas
  3 ball pythons
  8 bats
  3 frilled lizards
  7 kobolds
  2 leopard gecko skeletons (D:4)
  A quokka zombie (D:6)
  8 rats
129 creatures vanquished.

Notes
Turn   | Place    | Note
-------+----------+-------------------------------------------
     0 | D:1      | tilp the Merfolk Ice Elementalist began the quest for the
                  | Orb.
     0 | D:1      | Reached XP level 1. HP: 13/13 MP: 3/3
   144 | D:1      | Reached XP level 2. HP: 17/19 MP: 3/5
   151 | D:1      | Learned a level 2 spell: Throw Frost
  1496 | D:2      | Reached XP level 3. HP: 24/24 MP: 6/6
  1501 | D:2      | Learned a level 3 spell: Ozocubu's Armour
  1669 | D:2      | Found a white marble altar of Elyvilon.
  1986 | D:2      | Reached skill level 5 in Ice Magic
  2022 | D:2      | Reached XP level 4. HP: 30/30 MP: 1/7
  2188 | D:2      | Found an ornate altar of the Wu Jian Council.
  3200 | D:3      | Found a radiant altar of Vehumet.
  3200 | D:3      | Found a deep blue altar of Sif Muna.
  3387 | D:3      | Reached XP level 5. HP: 27/36 MP: 3/8
  3390 | D:3      | Reached skill level 1 in Fighting
  3933 | D:4      | Found Zeib's Antique Armour Boutique.
  3962 | D:4      | HP: 2/41 [orc priest/nerve-wracking pain (13)]
  3969 | D:4      | Reached XP level 6. HP: 28/47 MP: 1/9
  4209 | D:4      | Found a blossoming altar of Fedhas.
  4607 | D:4      | Found a stormy altar of Qazlal.
  4692 | D:4      | Reached skill level 5 in Fighting
  5003 | D:4      | Found an ancient bone altar of Kikubaaqudgha.
  5228 | D:4      | Reached XP level 7. HP: 38/56 MP: 7/10
  5495 | D:5      | Entered Level 5 of the Dungeon
  5758 | D:5      | Reached skill level 3 in Polearms
  5921 | D:5      | Reached skill level 4 in Polearms
  6072 | D:5      | Reached skill level 5 in Polearms
  6223 | D:5      | Reached skill level 6 in Polearms
  6378 | D:5      | Found a runed gate.
  6378 | D:5      | Found a runed gate.
  6378 | D:5      | Found a runed gate.
  6378 | D:5      | Noticed Garbasso's ghost (novice GnWz)
  6756 | D:6      | Found Merphi Hyall's Assorted Antiques.
  6795 | D:6      | Reached skill level 7 in Polearms
  6795 | D:6      | Reached XP level 8. HP: 26/64 MP: 1/11
  6991 | D:6      | Found a staircase to the Ecumenical Temple.
  7004 | Temple   | Entered the Ecumenical Temple
  7061 | Temple   | Became a worshipper of Makhleb the Destroyer
  7102 | D:6      | Found Vemnorio's Magic Scroll Shop.
  7109 | D:6      | Bought a scroll of magic mapping for 45 gold pieces
  7109 | D:6      | Bought a scroll of blinking for 97 gold pieces
  7109 | D:6      | Bought a scroll of remove curse for 39 gold pieces
  7109 | D:6      | Bought a scroll of identify for 26 gold pieces
  7109 | D:6      | Bought a scroll of identify for 26 gold pieces
  7109 | D:6      | Bought a scroll of identify for 26 gold pieces
  7214 | D:6      | HP: 1/64 [bullfrog (7)]
  7639 | D:6      | Found Agethuy's Armour Shop.
  7687 | D:6      | Reached skill level 8 in Polearms
  8031 | D:6      | Reached skill level 9 in Polearms
  8160 | D:6      | Found Tuesavvi's Weapon Emporium.
  8309 | D:6      | Reached skill level 10 in Polearms
  8982 | D:7      | Shot with an arrow by a centaur

Vault maps used:
D:1:      grunt_arrival_lava_bath
D:2:      kennysheep_big_flooded_room, overflow_temple_1_default,
          lemuel_round_altar
D:3:      gammafunk_temple_overflow_elements
D:4:      nicolae_qazlal_general_emergency, kennysheep_mini_moat, first_ration,
          serial_shops, nicolae_shop_crystal, chequers_serial_rivers_micro_a,
          fedhas_altar_2
D:5:      ebering_ghost_rock_garden
D:6:      minmay_temple_entry_junction_2, serial_shops, shop, shop_coins, shop,
          shop
D:7:      old_forge, old_standard_altar, overflow_temple_1_default, the_bakery,
          minivault_19, kennysheep_generic_room_10
Temple:   cyrus_circular_temple

Skill      XL: |  1  2  3  4  5  6  7  8 |
---------------+-------------------------+-----
Ice Magic      | 4 5 6 |  6.0
Fighting       | 3 5 6 |  6.0
Polearms       | 7 10 | 10.5
Dodging        | |  2.6
Stealth        | |  2.1
Spellcasting   | |  2.0
Conjurations   | |  0.7

Action                   |  1- 3 |  4- 6 |  7- 9 || total
-------------------------+-------+-------+-------++-------
Melee: Short sword       |    79 |   191 |    50 ||   320
       Trident           |       |       |    35 ||    35
       Spear             |       |       |    30 ||    30
Throw: Javelin           |       |     1 |     2 ||     3
       Stone             |       |     1 |       ||     1
       Tomahawk          |       |       |     2 ||     2
 Cast: Freeze            |    10 |    40 |    56 ||   106
       Ozocubu's Armour  |     3 |    16 |     9 ||    28
       Throw Frost       |       |     1 |     3 ||     4
  Use: Potion            |       |     2 |     4 ||     6
       Scroll            |       |       |     6 ||     6
 Stab: Sleeping          |     5 |     2 |     1 ||     8
  Eat: Chunk             |     4 |    13 |     3 ||    20
       Ration            |       |       |     3 ||     3
Armor: Robe              |    19 |    51 |    39 ||   109
Dodge: Dodged            |    59 |   140 |   119 ||   318
       Deflected         |       |       |     3 ||     3

Table legend:
 A = Non-vault XP
 B = Vault XP
 C = Vault XP percentage of total XP
 D = Non-vault monster count
 E = Vault monster count
 F = Vault count percentage of total count
                 A         B        C        D         E       F
            +---------+---------+-------+---------+---------+-------
      Total |    2019 |      16 |   0.8 |     127 |       2 |   1.6
            +---------+---------+-------+---------+---------+-------
        D:1 |      31 |       0 |   0.0 |      19 |       0 |   0.0
        D:2 |      42 |      16 |  27.6 |      17 |       2 |  10.5
        D:3 |     138 |       0 |   0.0 |      32 |       0 |   0.0
        D:4 |     394 |       0 |   0.0 |      33 |       0 |   0.0
        D:5 |     504 |       0 |   0.0 |      10 |       0 |   0.0
        D:6 |     910 |       0 |   0.0 |      16 |       0 |   0.0
            +---------+---------+-------+---------+---------+-------
